 Dungeon Crawl Stone Soup version 0.31.0-32-g396128a36d (webtiles) character file.

Game seed: 3679085272080170287

3070 Fractals the Digger (level 9, 61/61 HPs)
             Began as an Octopode Earth Elementalist on Mar 27, 2024.
             Quit the game on level 7 of the Dungeon on Mar 28, 2024.
             The game lasted 00:28:01 (8174 turns).

Fractals the Digger (Octopode Earth Elementalist)   Turns: 8174, Time: 00:28:01

Health: 61/61      AC:  1    Str:  9    XL:     9   Next: 88%
Magic:  18/18      EV: 14    Int: 24    God:
Gold:   237        SH:  0    Dex: 14    Spells: 8/20 levels left

rFire   + . .        v - +2 dagger (speed)
rCold   . . .        (no shield)
rNeg    . . .        (helmet restricted)
rPois   .            o - amulet of guardian spirit
rElec   .            h - +6 ring of intelligence
rCorr   +            m - ring of resist corrosion
SInv    .            n - ring of flight
Will    .....        t - ring of protection from fire
Stlth   ++++         (no ring)
HPRegen 0.30/turn    (no ring)
MPRegen 0.16/turn    (no ring)
                     (no ring)

%: guardian spirit
@: flying, studying Conjurations
A: almost no armour, amphibious, 8 rings, camouflage 1, gelatinous body 1,
(nimble swimmer 1), tentacles
a: no special abilities


You were on level 7 of the Dungeon.
You visited 1 branch of the dungeon, and saw 8 of its levels.

You collected 297 gold pieces.
You spent 60 gold pieces at shops.

Inventory:

Hand Weapons
 d - a +2 falchion of flaming
 v - a +2 dagger of speed (weapon)
 E - a +4 short sword
Armour
 D - a +0 kite shield
Magical Staves
 c - a staff of air
Jewellery
 h - a +6 ring of intelligence (left tentacle)
 m - a ring of resist corrosion (right tentacle)
 n - a ring of flight (on tentacle)
 o - an amulet of guardian spirit (around mantle)
 t - a ring of protection from fire (on tentacle)
Wands
 f - a wand of polymorph (5)
 p - a wand of paralysis (6)
 y - a wand of digging (8)
 B - a wand of flame (8)
Scrolls
 e - 2 scrolls of teleportation
 i - 4 scrolls of identify
 q - a scroll of revelation {unknown}
 r - a scroll of fog {unknown}
 s - a scroll of noise {unknown}
 u - a scroll of poison {unknown}
 x - 2 scrolls of enchant armour
 z - a scroll of enchant weapon {unknown}
 C - a scroll of torment {unknown}
Potions
 a - 2 potions of magic
 b - a potion of might
 g - 3 potions of heal wounds
 j - a potion of berserk rage {unknown}
 k - 2 potions of curing
 l - 2 potions of haste
 w - 2 potions of brilliance {unknown}
 A - a potion of resistance {unknown}


   Skills:
 - Level 5.0 Fighting
 - Level 4.0 Dodging
 - Level 4.0 Stealth
 + Level 6.3 Spellcasting
 - Level 5.5 Conjurations
 + Level 7.5 Earth Magic
 - Level 5.0 Alchemy


You had 8 spell levels left.
You knew the following spells:

 Your Spells              Type           Power      Damage    Failure   Level
a - Sandblast             Erth           86%        2d18      1%          1
b - Passwall              Erth           43%        N/A       1%          3
c - Brom's Barrelling Bo  Conj/Erth      38%        2d6       5%          4
d - Petrify               Alch/Erth      37%        N/A       6%          4

Your spell library contained the following spells:

 Spells                   Type           Power      Damage    Failure   Level
 Stone Arrow              Conj/Erth      76%        3d11      1%          3


Dungeon Overview and Level Annotations

Branches:
Dungeon (8/15)               Lair (0/5) D:8
 Temple: D:4-7

Altars:
Elyvilon
Xom

Shops:
D:4 ?

Annotations:
D:6 4 runed translucent doors


Innate Abilities, Weirdness & Mutations

You cannot wear most types of armour.
You are amphibious.
You can wear up to eight rings at the same time.
Your skin changes colour to match your surroundings (Stealth+).
Your rubbery body absorbs attacks. (AC +1, EV +1)
((You are camouflaged when in or above water. (Stealth+)))
You have tentacles for arms and can constrict up to eight enemies at once.


Message History

The puff of flame hits you. You resist.
You feel yourself speed up.
The orc warrior shoots an arrow.
The arrow misses you. The orc wizard casts a spell at you.
The puff of flame hits you. You resist.
The orc warrior shoots an arrow.
The arrow hits you!
* * * LOW HITPOINT WARNING * * *
The orc wizard points at you and mumbles some strange words.
You easily resist.
The orc warrior shoots an arrow.
The arrow closely misses you.
The orc wizard gestures wildly while chanting.
The orc wizard flickers and vanishes!
The orc warrior shoots an arrow.
The arrow misses you.
The orc warrior shoots an arrow.
The arrow closely misses you.
A puff of flame appears from out of thin air!
The puff of flame hits something!
The orc warrior shoots an arrow.
The arrow hits you.
* * * LOW HITPOINT WARNING * * *
A puff of flame appears from out of thin air!
The puff of flame hits you. You resist.
* * * LOW HITPOINT WARNING * * *
There is a stone staircase leading up here.
You fly upwards.
Reactivating autopickup.
There is a stone staircase leading down here.
You start resting.
Your extra speed is starting to run out.
You start resting.
You feel yourself slow down.
You start resting.
Magic restored.
You start resting.
HP restored.
Saving game... please wait.
Welcome back, Fractals the Octopode Earth Elementalist.
Press ? for a list of commands and other information.
Saving game... please wait.
Welcome back, Fractals the Octopode Earth Elementalist.
Press ? for a list of commands and other information.
Are you sure you want to abandon this character and quit the game? (Confirm with "yes".)

.....###......# #.#
.......#......#######.#
.......###............#
.......###............#
.###....##............#
.####.######..........#
.......#####..........#
.......[.........[....####
....#..######...@.....'..#####
###.#.## #.........##.#...#
#.#.##### #.........##.#.#.#
###.......# ############.#.#.#
....#####.# #.#.#.## ##..# #.#
#......# ..<.# #.# ###.####
#########.# #.# ..........#
#.#


There were no monsters in sight!

Vanquished Creatures
  3 steam dragons
  A water moccasin (D:6)
  An orc warrior (D:7)
  An ice beast (D:6)
  A black bear (D:4)
  2 ogres
  2 sky beasts
  3 centaurs
  A phantom (D:6)
  A kobold brigand (D:7)
  2 bullfrogs
  2 gnoll sergeants
  2 scorpions (D:5)
  3 wights (D:8)
  A howler monkey (D:6)
  A bombardier beetle (D:6)
  A jelly (D:4)
  3 hounds
  3 orc priests
  A sleepcap (D:6)
  Jessica (D:2)
  2 iguanas
  14 orc wizards
  4 gnolls (D:8)
  5 adders
  2 shadow imps
  A white imp (D:8)
  A ribbon worm (D:2)
  2 dart slugs (D:1)
  14 orcs
  4 bats
  9 endoplasms
  2 giant cockroaches (D:1)
  12 goblins
  6 hobgoblins
  9 jackals
  9 kobolds
  6 quokkas
  4 ball pythons
  5 frilled lizards
  3 rats (D:1)
150 creatures vanquished.

Vanquished Creatures (collateral kills)
  A black bear (D:6)
  An orc wizard (D:7)
  4 boulders
6 creatures vanquished.

Vanquished Creatures (others)
  6 boulders
6 creatures vanquished.

Grand Total: 162 creatures vanquished

Notes
Turn   | Place    | Note
-------+----------+-------------------------------------------
     0 | D:1      | Fractals the Octopode Earth Elementalist began the quest
                  | for the Orb.
     0 | D:1      | Reached XP level 1. HP: 11/11 MP: 3/3
   112 | D:1      | Reached skill level 1 in Fighting
   112 | D:1      | Reached XP level 2. HP: 13/18 MP: 1/5
   196 | D:1      | Found a faded altar of an unknown god.
   527 | D:1      | Reached XP level 3. HP: 18/23 MP: 6/6
   673 | D:1      | Learned a level 3 spell: Passwall
  1152 | D:2      | Noticed Jessica
  1158 | D:2      | Killed Jessica
  1159 | D:2      | Reached XP level 4. HP: 21/29 MP: 2/7
  1612 | D:3      | Found a white marble altar of Elyvilon.
  1746 | D:3      | Reached XP level 5. HP: 34/34 MP: 7/9
  1754 | D:3      | Reached skill level 4 in Earth Magic
  1804 | D:3      | Found a shimmering altar of Xom.
  2189 | D:4      | Noticed a black bear
  2424 | D:4      | Killed a black bear
  2425 | D:4      | Reached XP level 6. HP: 39/42 MP: 9/11
  2430 | D:4      | Learned a level 4 spell: Brom's Barrelling Boulder
  2593 | D:4      | Found Kuez's Magic Scroll Emporium.
  2617 | D:4      | Bought a scroll of identify for 20 gold pieces
  2617 | D:4      | Bought a scroll of identify for 20 gold pieces
  2617 | D:4      | Bought a scroll of identify for 20 gold pieces
  2761 | D:5      | Entered Level 5 of the Dungeon
  2770 | D:5      | Reached skill level 5 in Earth Magic
  2770 | D:5      | Reached XP level 7. HP: 30/46 MP: 9/12
  2963 | D:5      | You are sucked into a shaft and drop 1 floor!
  3155 | D:5      | Noticed a steam dragon
  3244 | D:6      | Noticed a steam dragon
  3264 | D:6      | Killed a steam dragon
  3481 | D:6      | Reached XP level 8. HP: 51/54 MP: 14/14
  3484 | D:6      | Found a large runed translucent door.
  3484 | D:6      | Found a large runed translucent door.
  3521 | D:6      | Found a large runed translucent door.
  3521 | D:6      | Found a large runed translucent door.
  3619 | D:6      | Noticed a wraith
  3619 | D:6      | Noticed a troll
  3781 | D:6      | Reached skill level 6 in Earth Magic
  3930 | D:6      | Reached skill level 5 in Spellcasting
  4013 | D:6      | Learned a level 4 spell: Petrify
  4148 | D:6      | Noticed a two-headed ogre
  5274 | D:7      | Reached skill level 5 in Fighting
  5292 | D:7      | Reached XP level 9. HP: 27/61 MP: 5/16
  5596 | D:7      | Reached skill level 5 in Conjurations
  5596 | D:7      | Reached skill level 7 in Earth Magic
  5625 | D:7      | Reached skill level 1 in Alchemy
  7274 | D:8      | Found a staircase to the Lair.
  7460 | D:8      | Reached skill level 5 in Alchemy
  8174 | D:7      | Quit the game

Illustrated notes

Levels and vault maps discovered:
D:1:      amcnicky_arrival_underground_garden, layout_loops_ring,
          ebering_ecumenical_altar_hall, nicolae_the_louvre
D:2:      layout_rooms, uniq_jessica
D:3:      layout_rooms, grunt_temple_overflow_open, serial_curves,
          eino_curves_02, eino_curves_02, eino_curves_04, eino_curves_01
D:4:      layout_gridville, serial_shops, shop, minmay_ogre_servants
D:5:      layout_gridville, minmay_temple_entry_ruins, nicolae_shop_gadgets
D:6:      layout_basic, minmay_hollow_rounded_squares
D:7:      minmay_flawed_box, layout_basic
D:8:      layout_cave_pods, lair_entry_dummy, serial_glass, glass_columns_c,
          glass_columns_c

Skill      XL: |  1  2  3  4  5  6  7  8  9 |
---------------+----------------------------+-----
Stealth        | 3 4 |  4.0
Fighting       | 1 2 3 5 |  5.0
Spellcasting   | 3 4 5 6 |  6.3
Earth Magic    | 4 5 6 7 |  7.5
Dodging        | 3 4 |  4.0
Conjurations   | 3 4 5 |  5.5
Alchemy        | 5 |  5.0

Action                     |  1- 3 |  4- 6 |  7- 9 || total
---------------------------+-------+-------+-------++-------
  Melee: Unarmed           |    11 |       |       ||    11
         Tentacles         |    20 |     7 |    48 ||    75
         Constrict         |    16 |    12 |    22 ||    50
         Staff             |    27 |       |       ||    27
         Dagger            |    16 |    25 |   188 ||   229
         Punch             |     1 |     1 |     7 ||     9
         Falchion          |       |    22 |       ||    22
   Cast: Sandblast         |    21 |    26 |    70 ||   117
         Brom's Barrelling |       |       |    20 ||    20
         Petrify           |       |       |     3 ||     3
    Use: Scroll            |       |     6 |     7 ||    13
         Potion            |       |       |     2 ||     2
   Stab: Sleeping          |     8 |    12 |     7 ||    27
         Petrified         |       |       |     3 ||     3
         Petrifying        |       |       |     1 ||     1
 Armour: Skin              |    25 |    20 |   135 ||   180
  Dodge: Dodged            |    35 |    27 |   125 ||   187
